 Dungeon Crawl Stone Soup version 0.23.2-40-g277498a001 (webtiles) character file.

Game seed: 2396975190471081340

2683 KamiKatze the Cleaver (level 9, -4/112 HPs)
             Began as a Merfolk Berserker on Sept 26, 2019.
             Was an Elder of Trog.
             Slain by an ogre
             ... wielding a +0 giant spiked club
              (26 damage)
             ... on level 7 of the Dungeon.
             The game lasted 00:28:44 (7717 turns).

KamiKatze the Cleaver (Merfolk Berserker)           Turns: 7717, Time: 00:28:44

Health: -4/112     AC:  8    Str: 26    XL:     9   Next: 64%
Magic:  9/9        EV: 10    Int:  6    God:    Trog [****..]
Gold:   502        SH:  3    Dex: 13    Spells: 8/8 levels left

rFire    . . .     SeeInvis .   s - +0 war axe
rCold    . . .     Gourm    .   e - +0 buckler
rNeg     . . .     Faith    .   m - +0 scale mail
rPois    .         Spirit   .   (no helmet)
rElec    .         Reflect  .   D - +0 cloak
rCorr    .         Harm     .   r - +0 pair of gloves
MR       +....                  (no boots)
Stlth    ..........             (no amulet)
HPRegen  0.28/turn              g - ring of protection from magic
MPRegen  0.11/turn              (no ring)

@: berserking, very quick
A: change form in water, swift swim, stealthy swim
a: Berserk, Trog's Hand, Brothers in Arms, Renounce Religion


You were on level 7 of the Dungeon.
You worshipped Trog.
Trog was greatly pleased with you.
You were hungry.

You visited 2 branches of the dungeon, and saw 8 of its levels.
You also visited: Sewer and Ossuary.

You collected 551 gold pieces.
You spent 49 gold pieces at shops.

Inventory:

Hand Weapons
 a - a +0 hand axe
 s - a +0 war axe (weapon)
 z - a +0 dire flail
 F - a +0 whip of flaming
 G - a +3 flail of protection
Missiles
 k - 4 javelins (quivered)
 t - 2 tomahawks of returning
 v - 142 stones
 J - a throwing net
Armour
 e - a +0 buckler (worn)
 m - a +0 scale mail (worn)
 p - a +0 plate armour
 q - a +0 chain mail
 r - a +0 pair of gloves (worn)
 w - a cursed +0 ring mail
 D - a +0 cloak (worn)
 I - a +0 shield
Jewellery
 g - a ring of protection from magic (left hand)
 u - an uncursed ring of poison resistance {unknown}
 y - a cursed -3 ring of intelligence {unknown}
Scrolls
 l - 2 scrolls of magic mapping
 o - a scroll of blinking
 A - 2 scrolls of enchant armour {unknown}
 B - a scroll of teleportation
 C - a scroll of fear
 H - 4 scrolls of identify
 K - a scroll of remove curse
Potions
 b - 4 potions of brilliance
 d - 3 potions of magic
 f - 5 potions of lignification
 h - 10 potions of curing
 i - 4 potions of might
 j - a potion of haste
 n - 4 potions of heal wounds
 x - 4 potions of flight
Comestibles
 c - 11 rations
 E - 6 chunks of flesh


   Skills:
 + Level 8.7 Fighting
 * Level 9.2 Axes
 * Level 1.5 Armour
 + Level 2.8 Dodging
 * Level 0.4 Shields


You had 8 spell levels left.
You didn't know any spells.
Your spell library was empty.

Dungeon Overview and Level Annotations

Branches:
Dungeon (7/15)             Temple (1/1) D:7

Altars:
Ashenzari
Cheibriados
Dithmenos
Elyvilon
Fedhas
Gozag
Makhleb
Nemelex Xobeh
Okawaru
Qazlal
Sif Muna
Trog
Uskayaw
Vehumet
Wu Jian
Xom
Yredelemnul
Zin
The Shining One

Shops:
D:5 :%}*?


Message History

You closely miss the ogre.
The ogre is almost dead.
The ogre hits you with a +0 giant club!
* * * LOW HITPOINT WARNING * * *
You barely miss the ogre.
The ogre is almost dead.
You slice the ogre!!
You feel the power of Trog in you as your rage grows.
You kill the ogre!
Trog accepts your kill.
You hit the ogre.
The ogre is lightly wounded.
The ogre hits you with a +0 giant spiked club.
* * * LOW HITPOINT WARNING * * *
You slash the ogre!
The ogre is heavily wounded.
Your shield and scale mail prevent you from hitting the ogre.
The ogre is heavily wounded.
The ogre hits you with a +0 giant spiked club!!
You die...

##### ##...### #..O...#
###.@#.....#
#.#..#....##
##....###...# #......#
..>.#
########....##.....#
##.....####...........
#
#.......###...........
#####..####.##...#..#..
...##..####..........#.
.


You could see an ogre.

Vanquished Creatures
  Grinder (Sewer)
  A water moccasin (D:7)
  An orc warrior (D:6)
  A sky beast (D:5)
  An ice beast (D:7)
  A phantom (Sewer)
  3 ogres
  3 centaurs
  2 bullfrogs
  Blork the orc (D:5)
  A scorpion (D:5)
  2 wights (Sewer)
  2 crimson imps (D:7)
  2 bullfrog zombies (D:5)
  3 hounds
  3 orc priests (D:5)
  A jelly (D:4)
  A centaur skeleton (D:4)
  An iguana (D:7)
  6 orc wizards (D:5)
  5 worker ants
  3 big kobold zombies (Sewer)
  2 hound zombies (D:6)
  2 hound skeletons
  8 mummies (Ossuary)
  A howler monkey zombie (D:5)
  4 gnolls (D:7)
  7 adders
  3 shadow imps
  2 oozes (Sewer)
  3 ufetubi (Sewer)
  3 adder skeletons
  5 dart slugs
  3 leopard geckos
  30 orcs
  3 giant cockroaches
  A gnoll zombie (Ossuary)
  7 goblins
  4 hobgoblins
  10 jackals
  16 kobolds
  2 quokkas
  5 ball pythons
  13 bats
  3 frilled lizards
  4 hobgoblin zombies (Ossuary)
  3 kobold zombies
  A leopard gecko skeleton (D:4)
  An orc zombie (Ossuary)
  A quokka skeleton (D:4)
  8 rats
200 creatures vanquished.

Notes
Turn   | Place    | Note
-------+----------+-------------------------------------------
     0 | D:1      | KamiKatze the Merfolk Berserker began the quest for the
                  | Orb.
     0 | D:1      | Reached XP level 1. HP: 18/18 MP: 1/1
   262 | D:1      | Reached XP level 2. HP: 24/24 MP: 2/2
   676 | D:2      | Found a snail-covered altar of Cheibriados.
   794 | D:2      | Reached skill level 3 in Axes
   913 | D:2      | Found a glowing golden altar of the Shining One.
  1067 | D:2      | Reached XP level 3. HP: 28/30 MP: 3/3
  1250 | D:2      | Found a burning altar of Makhleb.
  1469 | D:2      | Reached ** piety under Trog
  1532 | D:2      | Reached XP level 4. HP: 27/37 MP: 4/4
  1946 | D:3      | Found an iron altar of Okawaru.
  1968 | D:3      | Noticed a bullfrog
  1974 | D:3      | Killed a bullfrog
  1974 | D:3      | Reached skill level 4 in Axes
  1974 | D:3      | Reached XP level 5. HP: 43/43 MP: 5/5
  2274 | D:3      | Found a white marble altar of Elyvilon.
  2276 | D:3      | Found a shimmering altar of Xom.
  2497 | D:3      | Found a faded altar of an unknown god.
  2961 | D:4      | Found a shattered altar of Ashenzari.
  2971 | D:4      | Reached XP level 6. HP: 46/50 MP: 6/6
  3073 | D:4      | Reached skill level 5 in Fighting
  3073 | D:4      | Reached skill level 5 in Axes
  3102 | D:4      | Found a sand-covered staircase.
  3109 | Ossuary  | Entered an ossuary
  3199 | Ossuary  | Reached *** piety under Trog
  3580 | Ossuary  | Reached XP level 7. HP: 45/56 MP: 7/7
  4119 | D:5      | Entered Level 5 of the Dungeon
  4142 | D:5      | Noticed Blork the orc
  4151 | D:5      | Killed Blork the orc
  4242 | D:5      | Found Inirui's Book Boutique.
  4251 | D:5      | Reached skill level 6 in Axes
  4347 | D:5      | Found Gosmos's Gadget Shop.
  4358 | D:5      | Found Bonleux's Assorted Antiques.
  4367 | D:5      | Found Ratul's Magic Scroll Shoppe.
  4488 | D:5      | Bought a scroll of magic mapping for 49 gold pieces
  4992 | D:5      | Reached XP level 8. HP: 61/65 MP: 8/8
  5366 | D:5      | Found Umuwnelo's Food Shoppe.
  5576 | D:5      | Reached skill level 7 in Axes
  5731 | D:6      | Found a glowing drain.
  5753 | Sewer    | Entered a sewer
  5841 | Sewer    | Reached **** piety under Trog
  5897 | Sewer    | Found an ancient bone altar of Kikubaaqudgha.
  6137 | Sewer    | Noticed Grinder
  6155 | Sewer    | Killed Grinder
  6200 | Sewer    | Reached skill level 8 in Axes
  6200 | Sewer    | Reached XP level 9. HP: 65/73 MP: 9/9
  7210 | D:7      | Found a staircase to the Ecumenical Temple.
  7213 | D:7      | Found a hide-covered altar of Uskayaw.
  7215 | D:7      | Noticed a +0 hand axe
  7215 | D:7      | Noticed a +0 hand axe
  7252 | Temple   | Entered the Ecumenical Temple
  7404 | D:7      | Reached skill level 9 in Axes
  7500 | D:7      | Found a basalt altar of Yredelemnul.
  7717 | D:7      | Slain by an ogre

Skill      XL: |  1  2  3  4  5  6  7  8  9 |
---------------+----------------------------+-----
Axes           | 3 4 5 6 8 9 |  9.2
Fighting       | 4 5 6 7 8 |  8.7
Armour         | |  1.5
Dodging        | |  2.8
Shields        | |  0.4

Action                   |  1- 3 |  4- 6 |  7- 9 || total
-------------------------+-------+-------+-------++-------
Melee: Hand axe          |   107 |   186 |       ||   293
       War axe           |       |    21 |   507 ||   528
       Tailslap          |       |       |     9 ||     9
Throw: Javelin           |     3 |     1 |     1 ||     5
       Stone             |       |       |     1 ||     1
Invok: Berserk           |       |     5 |     3 ||     8
       Trog's Hand       |       |     1 |     5 ||     6
  Use: Scroll            |       |     9 |     5 ||    14
       Potion            |       |       |     1 ||     1
  Eat: Chunk             |     2 |    10 |    13 ||    25
       Ration            |       |     1 |     1 ||     2
Armor: Animal skin       |    15 |       |       ||    15
       Leather armour    |    12 |    16 |       ||    28
       Ring mail         |       |    33 |    20 ||    53
       Scale mail        |       |       |   204 ||   204
Dodge: Dodged            |    84 |   124 |   314 ||   522
Block: Buckler           |       |       |     2 ||     2
